 Dungeon Crawl Stone Soup version 0.25-a0-992-gca090100c3 (webtiles) character file.

Game seed: 15183033424730153289, levelgen mode: deterministic

774 Flugslaktarn the Chopper (level 7, -10/61 HPs)
             Began as a Minotaur Fighter on May 10, 2020.
             Was a Follower of Uskayaw.
             Mangled by an ogre
             ... wielding a +0 giant club
              (20 damage)
             ... on level 6 of the Dungeon.
             The game lasted 00:02:03 (3121 turns).

Flugslaktarn the Chopper (Minotaur Fighter)         Turns: 3121, Time: 00:02:04

Health: -10/61     AC: 11    Str: 22    XL:     7   Next: 53%
Magic:  7/7        EV:  6    Int:  5    God:    Uskayaw [*.....]
Gold:   114        SH: 10    Dex: 10    Spells: 6/6 levels left

rFire    . . .     SeeInvis .   g - +1 rapier (elec)
rCold    . . .     Gourm    .   c - +0 kite shield
rNeg     . . .     Faith    .   l - +0 chain mail
rPois    .         Spirit   .   (helmet restricted)
rElec    .         Reflect  .   (no cloak)
rCorr    .         Harm     .   m - +0 pair of gloves
MR       .....                  (no boots)
Stlth    ..........             (no amulet)
HPRegen  0.20/turn              (no ring)
MPRegen  0.10/turn              (no ring)

@: no status effects
A: retaliatory headbutt, horns 2
a: Stomp, Renounce Religion


You were on level 6 of the Dungeon.
You worshipped Uskayaw.
Uskayaw was noncommittal.
You were not hungry.

You visited 2 branches of the dungeon, and saw 7 of its levels.

You collected 114 gold pieces.

Inventory:

Hand Weapons
 a - a +0 war axe
 g - a +1 rapier of electrocution (weapon)
   (You took it off Eustachio on level 4 of the Dungeon)
Missiles
 s - a throwing net (quivered)
Armour
 c - a +0 kite shield (worn)
 l - a +0 chain mail (worn)
   (You found it on level 2 of the Dungeon)
 m - a +0 pair of gloves (worn)
   (You found it on level 2 of the Dungeon)
Wands
 t - a wand of paralysis (1)
   (You found it on level 4 of the Dungeon)
 v - a wand of digging (3)
   (You took it off Ijyb on level 4 of the Dungeon)
Potions
 d - 2 potions of might
 h - a potion of haste {unknown}
 i - a potion of resistance {unknown}
 j - a potion of degeneration {unknown}
 n - 2 potions of magic {unknown}
 q - a potion of curing
 r - a potion of lignification {unknown}
 u - a potion of berserk rage
Comestibles
 b - 11 chunks of flesh
 e - 6 rations


   Skills:
 + Level 5.6 Fighting
 * Level 2.0 Short Blades
 - Level 5.9 Axes
 + Level 5.5 Armour
 + Level 5.6 Shields
 + Level 2.4 Invocations


You had 6 spell levels left.
You didn't know any spells.
Your spell library was empty.

Dungeon Overview and Level Annotations

Branches:
Dungeon (6/15)             Temple (1/1) D:4

Altars:
Cheibriados
Dithmenos
Hepliaklqana
Kikubaaqudgha
Nemelex Xobeh
Ru
Sif Muna
Trog
Uskayaw
Vehumet
Wu Jian
Xom


Innate Abilities, Weirdness & Mutations

You reflexively headbutt those who attack you in melee.
You have a pair of horns on your head.


Message History

You hit the ogre. Lightning courses through the ogre! You headbutt the ogre.
The ogre is almost dead.
The ogre hits you with a +0 giant club!
You can now pass through a line of other dancers.
You hit the ogre but do no damage.
The ogre is almost dead.
The ogre hits you with a +0 giant club!!
* * * LOW HITPOINT WARNING * * *
You are too injured to fight recklessly!
You are too injured to fight recklessly!
You are too injured to fight recklessly!
You are too injured to fight recklessly!
An ogre is nearby!
An ogre is nearby!
Unknown command.
You can no longer pass through a line of other dancers.
You barely miss the ogre.
The ogre is almost dead.
The ogre hits you with a +0 giant club!!
You die...

#...# #.# ###.# ####'###
.# #.# ####......# .# #
#.# #.........+ .. . #.#
#.##......# .#.# #.#
#.##......# .#.# #.#
#.#####.?... ...
#.###.###########.#.#.#.
#....>......@O..........
####.#...####.....#.#.#.
#.#...+.########
#.#...#... #.#...#..#
#.###.#..# #.###)#..#
#.))..รท..#
#######..#####


You could see an ogre.

Vanquished Creatures
  Eustachio (D:4)
  An ogre (D:5)
  Blork the orc (D:4)
  3 scorpions (D:4)
  An orc priest (D:1)
  2 iguanas
  Ijyb (D:4)
  2 worker ants
  A hound skeleton (D:5)
  2 adders
  10 gnolls
  6 orcs
  A ball python (D:5)
  A giant cockroach (D:3)
  2 hobgoblins
  9 jackals
  A quokka (D:6)
  5 bats
  2 frilled lizards (D:2)
  2 kobolds
  3 rats
57 creatures vanquished.

Notes
Turn   | Place    | Note
-------+----------+-------------------------------------------
     0 | D:1      | Flugslaktarn the Minotaur Fighter began the quest for the
                  | Orb.
     0 | D:1      | Reached XP level 1. HP: 19/19 MP: 0/0
    98 | D:2      | Noticed an orc priest
   108 | D:1      | Killed an orc priest
   108 | D:1      | Reached XP level 2. HP: 26/27 MP: 1/1
   108 | D:1      | Reached XP level 3. HP: 32/33 MP: 2/2
   297 | D:4      | Found a staircase to the Ecumenical Temple.
   314 | Temple   | Entered the Ecumenical Temple
   418 | Temple   | Became a worshipper of Uskayaw the Reveler
   459 | D:4      | Noticed a scorpion
   463 | D:4      | Reached * piety under Uskayaw
   466 | D:4      | Reached ** piety under Uskayaw
   467 | D:4      | Killed a scorpion
   467 | D:4      | Reached XP level 4. HP: 19/41 MP: 3/3
  1174 | D:4      | Reached XP level 5. HP: 19/47 MP: 4/4
  1174 | D:4      | Reached *** piety under Uskayaw
  1191 | D:4      | Reached **** piety under Uskayaw
  1437 | D:4      | Reached skill level 1 in Invocations
  1584 | D:4      | Reached skill level 5 in Axes
  1584 | D:4      | Reached XP level 6. HP: 51/55 MP: 5/5
  1910 | D:4      | Noticed Blork the orc
  1918 | D:4      | Killed Blork the orc
  1918 | D:4      | Reached skill level 5 in Fighting
  1918 | D:4      | Reached skill level 5 in Armour
  1918 | D:4      | Reached skill level 5 in Shields
  1945 | D:4      | Noticed Ijyb
  1966 | D:4      | Killed Ijyb
  2036 | D:4      | Noticed Eustachio
  2069 | D:4      | Killed Eustachio
  2069 | D:4      | Reached XP level 7. HP: 26/61 MP: 7/7
  2348 | D:5      | Entered Level 5 of the Dungeon
  2392 | D:5      | Reached skill level 1 in Short Blades
  2547 | D:5      | Found a shimmering blue altar of Sif Muna.
  2625 | D:5      | Found a sacrificial altar of Ru.
  3121 | D:6      | Mangled by an ogre

Illustrated notes

Levels and vault maps discovered:
D:1:      roderic_octagonal_star, layout_loops_ring, st_stairs_11
D:2:      layout_loops_ring, okawaru_metal_pillars_1_2
D:3:      layout_basic, grunt_temple_overflow_order_and_chaos_2,
          gammafunk_temple_overflow_pools
D:4:      layout_basic, minmay_temple_entry_gardened_gates, first_ration,
          uniq_eustachio, uniq_ijyb, uniq_blork_the_orc
D:5:      layout_basic, old_standard_altar, old_standard_altar
D:6:      layout_basic, kennysheep_mini
Temple:   compressed_dpeg_circular_temple

Skill      XL: |  1  2  3  4  5  6  7 |
---------------+----------------------+-----
Fighting       | 4 5 |  5.6
Axes           | 3 4 5 |  5.9
Armour         | 4 5 |  5.5
Shields        | 4 5 |  5.6
Invocations    | 1 2 |  2.4
Short Blades   | 2 |  2.0

Action                   |  1- 3 |  4- 6 |  7- 9 || total
-------------------------+-------+-------+-------++-------
Melee: War axe           |    50 |   107 |       ||   157
       Headbutt          |     9 |    23 |    10 ||    42
       Rapier            |       |       |    49 ||    49
Evoke: Wand              |       |     5 |       ||     5
  Use: Scroll            |       |       |     6 ||     6
 Stab: Paralysed         |       |     3 |     1 ||     4
  Eat: Ration            |       |     1 |       ||     1
       Chunk             |       |       |     4 ||     4
Armor: Scale mail        |    14 |       |       ||    14
       Chain mail        |    16 |    64 |    21 ||   101
Dodge: Dodged            |    16 |    50 |     8 ||    74
Block: Kite shield       |    29 |    98 |    23 ||   150

Table legend:
 A = Non-vault XP
 B = Vault XP
 C = Vault XP percentage of total XP
 D = Non-vault monster count
 E = Vault monster count
 F = Vault count percentage of total count
                 A         B        C        D         E       F
            +---------+---------+-------+---------+---------+-------
      Total |     767 |     339 |  30.7 |      54 |       3 |   5.3
            +---------+---------+-------+---------+---------+-------
        D:1 |      48 |       0 |   0.0 |       6 |       0 |   0.0
        D:2 |      18 |       0 |   0.0 |      10 |       0 |   0.0
        D:3 |       5 |       0 |   0.0 |       3 |       0 |   0.0
        D:4 |     403 |     339 |  45.7 |      20 |       3 |  13.0
        D:5 |     198 |       0 |   0.0 |       9 |       0 |   0.0
        D:6 |      95 |       0 |   0.0 |       6 |       0 |   0.0
            +---------+---------+-------+---------+---------+-------
